 Dungeon Crawl Stone Soup version 0.30.1-9-gdf580d7c3d (webtiles) character file.

Game seed: 17657232494652319583

256 lonewolfV2 the Gusty (level 5, 0/35 HPs)
             Began as a Demonspawn Air Elementalist on Oct 24, 2023.
             Succumbed to a scorpion's poison
             ... on level 4 of the Dungeon.
             The game lasted 00:09:46 (4682 turns).

lonewolfV2 the Gusty (Demonspawn Air Elementalist)  Turns: 4682, Time: 00:09:47

Health: 0/35       AC:  4    Str:  8    XL:     5   Next: 92%
Magic:  0/11       EV: 12    Int: 19    God:
Gold:   141        SH:  0    Dex: 13    Spells: 9/12 levels left

rFire   . . .        (no weapon)
rCold   . . .        (no shield)
rNeg    . . .        a - +0 robe
rPois   .            (helmet restricted)
rElec   .            g - +0 cloak
rCorr   .            (no gloves)
SInv    .            d - +0 pair of boots
Will    .....        (no amulet)
Stlth   ++           (no ring)
HPRegen 0.25/turn    (no ring)
MPRegen 0.12/turn

%: no passive effects
@: mighty, lethally poisoned (0 -> -5), hasted, very quick
A: horns 1, demonic guardian 1, ignite blood 1
a: no special abilities


You were on level 4 of the Dungeon.
You visited 1 branch of the dungeon, and saw 4 of its levels.

You collected 141 gold pieces.

Inventory:

Missiles
 e - a throwing net
Armour
 a - a +0 robe (worn)
 d - a +0 pair of boots (worn)
 g - a +0 cloak (worn)
Scrolls
 f - a scroll of amnesia
 i - a scroll of enchant weapon
 k - a scroll of vulnerability
Potions
 b - 3 potions of magic
 c - 3 potions of mutation


   Skills:
 - Level 1.8 Dodging
 - Level 1.8 Stealth
 + Level 4.0 Spellcasting
 - Level 2.0 Conjurations
 + Level 4.5 Air Magic


You had 9 spell levels left.
You knew the following spells:

 Your Spells              Type           Power      Damage    Failure   Level
a - Shock                 Conj/Air       64%        1d7       3%          1
b - Static Discharge      Conj/Air       32%        2-4/arc   5%          2

Your spell library contained the following spells:

 Spells                   Type           Power      Damage    Failure   Level
 Swiftness                Air            20%        N/A       6%          3
 Kiss of Death            Conj/Necr      28%        2d7       9%          1
 Poisonous Vapours        Pois/Air       24%        N/A       9%          2
 Mephitic Cloud           Conj/Pois/Air  12%        N/A       17%         3
 Airstrike                Air            10%        2d(2-18)  22%         4
 Confusing Touch          Hex            3%         N/A       38%         3
 Dispel Undead            Necr           3%         3d7       80%         4
 Freezing Cloud           Conj/Ice/Air   6%         6-21      83%         5


Dungeon Overview and Level Annotations

Branches:
Dungeon (4/15)
 Temple: D:4-7

Altars:


Innate Abilities, Weirdness & Mutations

You have a pair of small horns on your head.
A weak demonic guardian rushes to your aid.
Your demonic aura sometimes causes spilled blood to erupt in flames.


Message History

* * * LOW HITPOINT WARNING * * *
You feel very sick.
Your quasit bites the hound.
Your quasit claws the hound but does no damage.
Your quasit barely misses the hound.
The hound bites you.
* * * LOW HITPOINT WARNING * * *
The scorpion closely misses you.
Your quasit closely misses the hound.
Your quasit claws the hound but does no damage. x2
The hound bites you.
* * * LOW HITPOINT WARNING * * *
The orc misses your quasit.
You feel yourself speed up.
* * * LOW HITPOINT WARNING * * *
You feel very sick.
The scorpion stings you but does no damage.
Your quasit closely misses the hound.
Your quasit claws the hound but does no damage.
Your quasit misses the hound. The hound barely misses you.
The orc closely misses your quasit.
You hit the scorpion but do no damage. Your headbutt misses the scorpion.
The scorpion is severely wounded.
* * * LOW HITPOINT WARNING * * *
You feel sick. The hound bites you but does no damage.
Your quasit bites the hound.
Your quasit misses the hound.
Your quasit claws the hound.
The scorpion closely misses you.
You hit the hound.
You kill the hound!
* * * LOW HITPOINT WARNING * * *
You feel sick.
Your quasit barely misses the orc.
Your quasit claws the orc but does no damage.
Your quasit claws the orc.
The scorpion barely misses you.
Your Spellcasting skill increases to level 4!
Casting: Shock (safe; 3% risk of failure)
Confirm with . or Enter, or press ? or * to list all spells.
Aiming: Shock (safe; 3% risk of failure)
Press: ? - help, Shift-Dir - straight line, f/p - scorpion
Aim: a scorpion (severely wounded, 71% to hit)
The zap hits the scorpion.
You kill the scorpion!
You die...

.........##..##.###
#####.....†..$....
#..###.###.### #<.#
#†# #..# #.# #..#
#.# ...# #.# ##..#
#.##### #..#
#!..†@# ...#
#####o# ...# .5..
...### ..... .#####
#. #


You could see an orc (ally target) and a friendly quasit (summoned).

Vanquished Creatures
  2 scorpions (D:4)
  2 orc priests (D:3)
  A hound (D:4)
  4 adders
  An adder skeleton (D:2)
  A worm (D:2)
  2 dart slugs (D:1)
  3 orcs (D:3)
  6 endoplasms
  6 goblins
  4 hobgoblins
  2 quokkas (D:1)
  6 ball pythons
  3 bats
  4 frilled lizards
  A jackal skeleton (D:2)
  4 kobolds
  A quokka skeleton (D:2)
  4 rats
57 creatures vanquished.

Vanquished Creatures (collateral kills)
  An adder skeleton (D:2)
  A quokka zombie (D:2)
2 creatures vanquished.

Grand Total: 59 creatures vanquished

Notes
Turn   | Place    | Note
-------+----------+-------------------------------------------
     0 | D:1      | lonewolfV2 the Demonspawn Air Elementalist began the quest
                  | for the Orb.
     0 | D:1      | Reached XP level 1. HP: 13/13 MP: 3/3
   963 | D:1      | Gained mutation: You have a pair of small horns on your
                  | head. [demonic ancestry]
   963 | D:1      | Reached XP level 2. HP: 19/19 MP: 3/5
  1054 | D:1      | Found a faded altar of an unknown god.
  2302 | D:2      | Gained mutation: A weak demonic guardian rushes to your
                  | aid. [demonic ancestry]
  2302 | D:2      | Reached XP level 3. HP: 17/24 MP: 0/6
  2305 | D:2      | Learned a level 2 spell: Static Discharge
  3421 | D:3      | Gained mutation: Your demonic aura sometimes causes spilled
                  | blood to erupt in flames. [demonic ancestry]
  3421 | D:3      | Reached XP level 4. HP: 30/30 MP: 5/8
  3509 | D:3      | Reached XP level 5. HP: 11/35 MP: 1/10
  4681 | D:4      | HP: 1/35 [poisoned by a scorpion]
  4682 | D:4      | Succumbed to a scorpion's poison

Illustrated notes

Levels and vault maps discovered:
D:1:      amcnicky_arrival_double_pillar, layout_basic,
          dreamdust_ecumenical_altar_hidden_monk_grotto
D:2:      layout_loops_corners, serial_undead, serial_undead_a, serial_undead_a,
          serial_undead_a, serial_undead_f
D:3:      layout_basic, minmay_misc_feat_diagonals
D:4:      layout_loops_ring, mainiacjoe_overflow_cross_hatched,
          gammafunk_temple_overflow_forgotten, uniq_menkaure, uniq_natasha

Skill      XL: |  1  2  3  4  5 |
---------------+----------------+-----
Air Magic      | 3 4 |  4.5
Conjurations   | 2 |  2.0
Spellcasting   | 3 4 |  4.0
Dodging        | |  1.8
Stealth        | |  1.8

Action                     |  1- 3 |  4- 6 || total
---------------------------+-------+-------++-------
  Melee: Unarmed           |    13 |     6 ||    19
         Headbutt          |     2 |       ||     2
   Cast: Shock             |    90 |    39 ||   129
         Static Discharge  |     9 |     7 ||    16
    Use: Scroll            |     3 |     7 ||    10
         Potion            |     1 |     6 ||     7
 Armour: Robe              |    20 |     4 ||    24
  Dodge: Dodged            |    56 |    29 ||    85
